[ AOE2 MATCH · #476479738 ]
UnrankedDravidians vs Vikings
Player's team · LOSS
Rival team · WIN
[ REPLAY ANALYSIS · EXTRACTED FROM THE RECORDED GAME ]
Feudal
—
Castle
9:12
Imperial
—
| APM avg | 24.5 |
| APM peak | 60 |
| eAPM avg | 16.1 |
| Villagers / military | 47 / 108 |
Focus
⚔️ 50.9% · 🌾 49.1%
Skirmisher ×41 · Archer ×22 · Spearman ×20 · Militia ×19 · Demolition Raft ×3 · Armored Elephant ×3
Feudal
—
Castle
11:53
Imperial
25:07
| APM avg | 32.5 |
| APM peak | 48 |
| eAPM avg | 20.9 |
| Villagers / military | 99 / 100 |
Focus
⚔️ 32.1% · 🌾 67.9%
Archer ×38 · Knight ×25 · Berserk ×16 · Fishing Ship ×11 · Scout Cavalry ×8 · Unknown (2626) ×6
Match map
Initial resources + every placement click. Lines = walls · curves = elevation contours. ◆ gold · ⬟ stone · ● berries · ✦ relic · ◌ wall gap
Your base· Open — unwalled flank
irving926's base· Open — unwalled flank
Smoothed initial terrain · ◌ = detected wall gap · hover for details
Inputs per minute
— marijndestoyer - - irving926
Build order — marijndestoyer
First 150 of 219 actions detected
| 0:02 | Create | Villager (Male) |
| 0:02 | Create | Villager (Male) |
| 0:14 | Research | Double-Bit Axe |
| 0:20 | Build | Archery Range |
| 0:28 | Build | House |
| 0:30 | Build | House |
| 0:46 | Build | Palisade Wall |
| 0:49 | Build | Palisade Wall |
| 0:59 | Build | Palisade Wall |
| 1:01 | Create | Villager (Male) |
| 1:03 | Research | Man-at-Arms (upgrade) |
| 1:07 | Build | Palisade Wall |
| 1:09 | Build | Palisade Wall |
| 1:22 | Build | Palisade Gate |
| 1:24 | Create | Villager (Male) |
| 1:29 | Build | House |
| 1:31 | Build | House |
| 1:33 | Build | House |
| 1:35 | Build | House |
| 1:40 | Create | Militia |
| 1:49 | Create | Skirmisher |
| 1:50 | Create | Skirmisher |
| 1:51 | Create | Skirmisher |
| 2:31 | Create | Villager (Male) |
| 2:31 | Create | Villager (Male) |
| 2:37 | Build | Farm |
| 2:43 | Build | Dock |
| 3:05 | Build | Farm |
| 3:12 | Create | Militia |
| 3:34 | Create | Villager (Male) |
| 3:38 | Build | Archery Range |
| 3:42 | Build | Farm |
| 3:43 | Build | Farm |
| 3:43 | Build | Farm |
| 3:45 | Build | Farm |
| 3:46 | Build | Farm |
| 3:56 | Create | Villager (Male) |
| 4:18 | Research | Wheelbarrow |
| 4:33 | Build | Farm |
| 4:34 | Build | Farm |
| 4:41 | Build | Farm |
| 4:41 | Build | Farm |
| 4:46 | Build | Farm |
| 4:49 | Build | Farm |
| 5:02 | Build | Palisade Wall |
| 5:04 | Build | Palisade Gate |
| 5:15 | Create | Villager (Male) |
| 5:24 | Build | Palisade Wall |
| 5:28 | Build | Palisade Gate |
| 6:15 | Build | Farm |
| 6:32 | Research | Castle Age |
| 6:55 | Research | Fletching |
| 7:10 | Build | House |
| 7:11 | Build | House |
| 7:14 | Build | House |
| 7:15 | Build | House |
| 7:18 | Build | Palisade Gate |
| 7:20 | Build | House |
| 7:21 | Build | House |
| 7:32 | Build | Palisade Wall |
| 7:34 | Build | Palisade Gate |
| 7:41 | Create | Skirmisher |
| 7:42 | Create | Skirmisher |
| 7:42 | Create | Skirmisher |
| 7:43 | Create | Skirmisher |
| 7:43 | Create | Skirmisher |
| 7:48 | Build | Archery Range |
| 8:02 | Create | Militia |
| 8:05 | Create | Skirmisher |
| 8:06 | Create | Skirmisher |
| 9:03 | Research | Padded Archer Armor |
| 9:12 | Age | Castle Age |
| 9:23 | Research | Thumb Ring |
| 9:34 | Research | Hand Cart |
| 9:57 | Create | Villager (Male) |
| 9:58 | Create | Villager (Male) |
| 9:58 | Create | Villager (Male) |
| 10:35 | Create | Villager (Male) |
| 11:00 | Build | Farm |
| 11:34 | Create | Villager (Male) |
| 12:17 | Create | Villager (Male) |
| 12:18 | Create | Villager (Male) |
| 12:44 | Research | Elite Skirmisher (upgrade) |
| 13:03 | Create | Spearman |
| 13:04 | Create | Spearman |
| 13:05 | Create | Spearman |
| 13:36 | Create | Skirmisher |
| 13:36 | Create | Skirmisher |
| 13:40 | Create | Villager (Male) |
| 13:41 | Create | Villager (Male) |
| 13:41 | Create | Villager (Male) |
| 14:01 | Build | Palisade Wall |
| 14:26 | Create | Villager (Male) |
| 14:26 | Create | Villager (Male) |
| 14:36 | Create | Demolition Raft |
| 14:37 | Create | Demolition Raft |
| 14:38 | Create | Demolition Raft |
| 15:40 | Research | Bodkin Arrow |
| 15:44 | Create | Skirmisher |
| 15:44 | Create | Skirmisher |
| 15:45 | Create | Skirmisher |
| 15:46 | Create | Villager (Male) |
| 15:46 | Create | Villager (Male) |
| 15:50 | Build | Town Center |
| 16:20 | Create | Spearman |
| 16:21 | Create | Spearman |
| 16:22 | Create | Spearman |
| 16:23 | Build | Barracks |
| 16:26 | Research | Scale Mail Armor |
| 16:27 | Research | Leather Archer Armor |
| 17:03 | Research | Bow Saw |
| 17:05 | Create | Villager (Male) |
| 17:05 | Create | Villager (Male) |
| 17:06 | Create | Villager (Male) |
| 17:08 | Create | Militia ×5 |
| 17:12 | Create | Militia ×5 |
| 17:13 | Create | Militia ×5 |
| 17:16 | Research | Chain Mail Armor |
| 17:30 | Research | Pikeman (upgrade) |
| 17:42 | Create | Skirmisher |
| 17:43 | Create | Skirmisher |
| 17:43 | Create | Skirmisher |
| 17:43 | Create | Skirmisher |
| 17:49 | Create | Skirmisher |
| 17:49 | Create | Skirmisher |
| 17:55 | Create | Villager (Male) |
| 17:55 | Create | Villager (Male) |
| 17:55 | Create | Villager (Male) |
| 17:55 | Create | Villager (Male) |
| 17:59 | Create | Villager (Male) |
| 17:59 | Create | Villager (Male) |
| 18:07 | Create | Spearman |
| 18:08 | Create | Spearman |
| 18:08 | Create | Spearman |
| 18:30 | Create | Villager (Male) |
| 18:30 | Create | Villager (Male) |
| 18:32 | Create | Villager (Male) |
| 19:03 | Create | Skirmisher |
| 19:04 | Create | Skirmisher |
| 19:05 | Create | Skirmisher |
| 19:05 | Create | Skirmisher |
| 19:06 | Create | Skirmisher |
| 19:32 | Create | Villager (Male) |
| 19:35 | Research | Long Swordsman (upgrade) |
| 19:38 | Create | Skirmisher |
| 20:11 | Create | Villager (Male) |
| 20:16 | Build | Siege Workshop |
| 20:18 | Research | Gambesons |
| 20:21 | Create | Militia |
| 20:23 | Research | Forging |
Build order — irving926
First 150 of 335 actions detected
| 0:04 | Create | Villager (Male) |
| 0:04 | Create | Villager (Male) |
| 0:15 | Create | Spearman |
| 0:30 | Create | Villager (Male) |
| 0:48 | Build | Dock |
| 0:53 | Build | House |
| 1:09 | Create | Villager (Male) |
| 1:19 | Research | Double-Bit Axe |
| 1:26 | Build | Archery Range |
| 1:33 | Create | Unit 2626 |
| 1:40 | Build | House |
| 1:43 | Create | Villager (Male) |
| 1:43 | Create | Villager (Male) |
| 1:55 | Build | Dock |
| 1:56 | Create | Villager (Male) |
| 2:10 | Create | Villager (Male) |
| 2:26 | Build | Archery Range |
| 2:30 | Create | Villager (Male) |
| 2:47 | Create | Fishing Ship |
| 2:47 | Create | Fishing Ship |
| 3:01 | Build | House |
| 3:07 | Create | Archer |
| 3:07 | Create | Archer |
| 3:07 | Create | Archer |
| 3:18 | Build | House |
| 3:41 | Build | Dock |
| 3:47 | Build | House |
| 3:48 | Create | Villager (Male) |
| 3:49 | Create | Archer |
| 3:49 | Create | Archer |
| 3:50 | Create | Archer |
| 3:50 | Create | Archer |
| 4:15 | Create | Archer |
| 4:15 | Create | Archer |
| 4:15 | Create | Villager (Male) |
| 4:23 | Create | Fishing Ship |
| 4:41 | Create | Villager (Male) |
| 4:44 | Research | Horse Collar |
| 4:54 | Create | Unit 2626 |
| 4:54 | Create | Unit 2626 |
| 5:00 | Create | Villager (Male) |
| 5:05 | Build | Farm |
| 5:06 | Build | Farm |
| 5:07 | Build | Farm |
| 5:13 | Research | Fletching |
| 5:16 | Create | Villager (Male) |
| 5:43 | Build | Archery Range |
| 5:47 | Build | House |
| 5:51 | Create | Villager (Male) |
| 5:51 | Create | Villager (Male) |
| 5:57 | Build | Farm |
| 5:58 | Build | Farm |
| 6:02 | Build | Farm |
| 6:05 | Build | Farm |
| 6:06 | Build | Farm |
| 6:12 | Build | Farm |
| 6:13 | Build | Farm |
| 6:16 | Create | Archer |
| 6:16 | Create | Archer |
| 6:17 | Create | Villager (Male) |
| 6:17 | Create | Villager (Male) |
| 6:33 | Create | Villager (Male) |
| 6:45 | Create | Fishing Ship |
| 6:46 | Create | Fishing Ship |
| 6:54 | Create | Fishing Ship |
| 6:54 | Create | Fishing Ship |
| 7:00 | Build | House |
| 7:00 | Build | House |
| 7:01 | Build | House |
| 7:15 | Build | Stable |
| 7:37 | Create | Fishing Ship |
| 7:37 | Create | Fishing Ship |
| 7:50 | Create | Villager (Male) |
| 8:16 | Build | Mining Camp |
| 8:18 | Research | Gold Mining |
| 8:21 | Create | Villager (Male) |
| 9:13 | Research | Castle Age |
| 9:17 | Create | Unit 2626 |
| 9:17 | Create | Unit 2626 |
| 10:00 | Create | Villager (Male) |
| 10:02 | Create | Scout Cavalry |
| 10:03 | Create | Scout Cavalry |
| 10:09 | Build | Stable |
| 10:16 | Create | Galley |
| 10:16 | Create | Galley |
| 10:17 | Create | Unit 2626 |
| 11:00 | Create | Scout Cavalry |
| 11:01 | Create | Scout Cavalry |
| 11:01 | Create | Scout Cavalry |
| 11:07 | Build | House |
| 11:10 | Build | Farm |
| 11:14 | Build | Stable |
| 11:26 | Build | Mining Camp |
| 11:47 | Create | Fishing Ship |
| 11:47 | Create | Fishing Ship |
| 11:53 | Age | Castle Age |
| 12:03 | Build | Town Center |
| 12:06 | Research | Light Cavalry (upgrade) |
| 12:13 | Build | Town Center |
| 12:18 | Research | Bow Saw |
| 12:19 | Create | Villager (Male) |
| 12:19 | Create | Villager (Male) |
| 12:20 | Create | Villager (Male) |
| 12:20 | Create | Villager (Male) |
| 12:29 | Build | House |
| 12:48 | Build | House |
| 12:55 | Create | Knight |
| 12:55 | Create | Knight |
| 13:06 | Build | House |
| 13:18 | Create | Villager (Male) |
| 13:19 | Create | Villager (Male) |
| 13:23 | Create | Villager (Male) |
| 13:23 | Create | Villager (Male) |
| 13:23 | Create | Villager (Male) |
| 13:24 | Create | Villager (Male) |
| 13:24 | Create | Villager (Male) |
| 13:24 | Create | Villager (Male) |
| 13:24 | Create | Villager (Male) |
| 13:25 | Create | Villager (Male) |
| 13:25 | Create | Villager (Male) |
| 13:25 | Create | Villager (Male) |
| 13:25 | Create | Villager (Male) |
| 13:26 | Create | Villager (Male) |
| 13:26 | Create | Villager (Male) |
| 13:27 | Create | Knight |
| 13:27 | Create | Knight |
| 13:28 | Create | Villager (Male) |
| 13:28 | Create | Villager (Male) |
| 13:28 | Create | Villager (Male) |
| 13:31 | Create | Knight |
| 13:50 | Build | Monastery |
| 13:51 | Create | Villager (Male) |
| 13:51 | Create | Villager (Male) |
| 14:05 | Research | Scale Barding Armor |
| 14:05 | Research | Forging |
| 14:06 | Create | Villager (Male) |
| 14:06 | Create | Villager (Male) |
| 14:06 | Create | Villager (Male) |
| 14:11 | Build | Farm |
| 14:31 | Create | Villager (Male) |
| 14:32 | Create | Villager (Male) |
| 14:32 | Create | Villager (Male) |
| 14:40 | Build | Monastery |
| 14:44 | Create | Monk |
| 14:48 | Build | House |
| 15:24 | Create | Villager (Male) |
| 15:24 | Create | Villager (Male) |
| 15:25 | Create | Villager (Male) |
| 15:25 | Create | Villager (Male) |
| 15:33 | Build | Archery Range |
Match timeline
| 0:20 | marijndestoyer · first_building Archery Range |
| 0:46 | marijndestoyer · wall_segment Palisade Wall x6 |
| 0:48 | irving926 · first_building Dock |
| 0:49 | marijndestoyer · wall_segment Palisade Wall x8 |
| 0:59 | marijndestoyer · wall_segment Palisade Wall x2 |
| 1:07 | marijndestoyer · wall_segment Palisade Wall x1 |
| 1:09 | marijndestoyer · wall_segment Palisade Wall x1 |
| 1:26 | irving926 · first_building Archery Range |
| 2:43 | marijndestoyer · first_building Dock |
| 5:02 | marijndestoyer · wall_segment Palisade Wall x17 |
| 5:24 | marijndestoyer · wall_segment Palisade Wall x23 |
| 7:15 | irving926 · first_building Stable |
| 7:32 | marijndestoyer · wall_segment Palisade Wall x15 |
| 9:12 | marijndestoyer · age_up castle |
| 11:53 | irving926 · age_up castle |
| 13:50 | irving926 · first_building Monastery |
| 14:01 | marijndestoyer · wall_segment Palisade Wall x1 |
| 16:23 | marijndestoyer · first_building Barracks |
| 16:24 | irving926 · first_building Siege Workshop |
| 18:03 | irving926 · first_building Castle |
| 20:16 | marijndestoyer · first_building Siege Workshop |
| 25:07 | irving926 · age_up imperial |
| 27:21 | marijndestoyer · resign |
[ AI ANALYSIS · 1 CREDIT ]
What really happened in this match?
Wolo.gg analyzes every decision: build order, eco, micro, common mistakes by bracket. Personalized analysis on WhatsApp or Discord in 30 seconds.
Civ guide
Dravidians
Perfil
Jugador #229529